AoeStats
← Mooncore

Arena

508932641Analyzed
1v1 RM · 7d ago on Sep 24, 2026· 44m 41s· 2 players
Game mode
Random Map
Map size
Tiny (2 player)
Population
200
Speed
Normal
Resources
Standard
Victory
Conquest
Starting age
Dark Age
Ending age
Imperial Age
RankedLock teamsTeams togetherTeam positionsShared explorationLock speedFull tech treeHidden civsTurbo modeCheats
Victory
Defeat
🇬🇧 Danes · United Kingdom
899
+33
🇦🇷 Celts · Argentina
868
-15
Belgaroth KRIEGER KAISER
12:30 Feudal Age
12:59 Double-Bit Axe
14:01 Wheelbarrow
17:51 Castle Age
16:07 Gold Mining
17:11 Man-at-Arms
18:43 Bow Saw
18:25 Horse Collar
20:21 Gold Shaft Mining
20:10 Heavy Plow
20:25 Long Swordsman
21:27 Arson
23:48 Scale Mail Armor
25:16 Forging
26:00 Stone Mining
26:41 Gambesons
27:09 Pikeman
29:25 Hand Cart
30:00 Chain Mail Armor
31:28 Iron Casting
31:55 Stone Shaft Mining
36:12 Fletching
41:09 Imperial Age
39:27 Elite Skirmisher
41:17 Halberdier
41:29 Two-Handed Swordsman
43:53 Plate Mail Armor
Mooncore
10:27 Feudal Age
14:09 Castle Age
12:22 Double-Bit Axe
25:39 Fletching
25:49 Padded Archer Armor
26:35 Loom
27:39 Bodkin Arrow
27:59 Leather Archer Armor
31:39 Imperial Age
30:47 Thumb Ring
31:42 Man-at-Arms
32:11 Gambesons
32:27 Squires
32:13 Arson
32:35 Long Swordsman
33:35 Forging
33:25 Scale Mail Armor
32:55 Cranequins
33:57 Two-Handed Swordsman
35:45 Iron Casting
35:26 Chain Mail Armor
37:19 Champion
39:12 Heavy Mounted Crossbowman
42:07 Plate Mail Armor
42:38 Blast Furnace
43:16 Ballistics
43:56 Chemistry
43:02 Siege Engineers
45:11 Bracer
45:41 Ring Archer Armor
Connection lost

Rejoining the realm…

Still unreachable

The connection could not be restored.

Session expired

The server has moved on; the page needs a fresh start.